 Dungeon Crawl Stone Soup version 0.32-a0-571-gec57dfcd37 (webtiles) character file.

Game seed: 7171836493916276894

431 BeKind the Covered (level 7, 0/56 HPs)
             Began as a Barachi Fighter on Mar 1, 2024.
             Was a Believer of Nemelex Xobeh.
             Slain by an iguana (6 damage)
             ... on level 5 of the Dungeon.
             The game lasted 00:07:10 (5214 turns).

BeKind the Covered (Barachi Fighter)                Turns: 5214, Time: 00:07:11

Health: 0/56       AC:  4    Str: 22    XL:     7   Next: 0%
Magic:  9/9        EV: 11    Int: 20    God:    Nemelex Xobeh [**....]
Gold:   230        SH:  5    Dex: 12    Spells: 7/9 levels left

rFire   . . .        w - +1 spear (freeze)
rCold   . . .        c - +0 buckler
rNeg    + + +        r - +2 robe of Dosimiraiph {rN+++ Str+3 Archmagi}
rPois   .            (no helmet)
rElec   .            (no cloak)
rCorr   .            (no gloves)
SInv    .            (no boots)
Will    .....        (no amulet)
Stlth   +            f - +6 ring of intelligence
HPRegen 0.29/turn    s - +6 ring of intelligence
MPRegen 0.11/turn

%: archmagi
@: mighty, slow
A: amphibious, slowness 1, strong legs 1, +LOS
a: Hop, Renounce Religion, Draw Escape, Draw Destruction, Draw Summoning


You were on level 5 of the Dungeon.
You worshipped Nemelex Xobeh.
Nemelex Xobeh was pleased with you.
You visited 1 branch of the dungeon, and saw 6 of its levels.

You collected 230 gold pieces.

Inventory:

Hand Weapons
 a - a +0 trident
 w - a +1 spear of freezing (weapon)
Armour
 b - a +0 scale mail
 c - a +0 buckler (worn)
 r - the +2 robe of Dosimiraiph (worn) {rN+++ Str+3 Archmagi}
   (You found it on level 3 of the Dungeon)

   Str+3:     It affects your strength (+3).
   rN+++:     It renders you almost immune to negative energy.
   Archmagi:  It increases the power of your magical spells.
Jewellery
 f - a +6 ring of intelligence (left hand)
 k - a ring of positive energy
 s - a +6 ring of intelligence (right hand)
Wands
 t - a wand of acid (12)
Scrolls
 h - 2 scrolls of teleportation
 i - 3 scrolls of enchant weapon {unknown}
 m - 2 scrolls of immolation
 o - 2 scrolls of poison {unknown}
 q - 7 scrolls of identify
 u - a scroll of blinking {unknown}
 x - a scroll of summoning {unknown}
Potions
 d - a potion of might
 e - 4 potions of enlightenment {unknown}
 g - 2 potions of mutation {unknown}
 j - a potion of heal wounds {unknown}
 l - a potion of degeneration {unknown}
 n - a potion of ambrosia {unknown}
 p - 2 potions of curing {unknown}
 v - 2 potions of invisibility {unknown}


   Skills:
 + Level 5.3 Fighting
 + Level 3.6 Polearms
 + Level 5.3 Armour
 + Level 1.8 Dodging
 + Level 4.6 Shields
 + Level 1.5 Spellcasting
 + Level 0.4 Alchemy


You had 7 spell levels left.
You knew the following spells:

 Your Spells              Type           Power      Damage    Failure   Level
a - Cigotuvi's Dreadful   Necr/Alch/Air  6%         N/A       28%         2

Your spell library contained the following spells:

 Spells                   Type           Power      Damage    Failure   Level
 Sting                    Conj/Alch      12%        1d3       19%         1
 Mercury Vapours          Alch/Air       6%         N/A       26%         2
 Inner Flame              Hex/Fire       2%         N/A       52%         3
 Ozocubu's Armour         Ice            2%         N/A       52%         3
 Olgreb's Toxic Radiance  Alch           5%         N/A       85%         4
 Dispel Undead            Necr           2%         3d7       89%         4
 Martyr's Knell           Necr/Summ      2%         N/A       89%         4
 Irradiate                Conj/Alch      1%         3d12      99%         5
 Metabolic Englaciation   Hex/Ice        1%         N/A       99%         5
 Death Channel            Necr           1%         N/A       100%        6
 Sculpt Simulacrum        Ice/Alch       1%         N/A       100%        6
 Ozocubu's Refrigeration  Ice            1%         4d7       100%        7
 Ignition                 Fire           1%         3d3       100%        8
 Polar Vortex             Ice            1%         N/A       100%        9


Dungeon Overview and Level Annotations

Branches:
Dungeon (6/15)             Temple (0/1) D:4

Altars:
Nemelex Xobeh
Trog

Shops:
D:4 [


Innate Abilities, Weirdness & Mutations

You are amphibious.
You cover ground slowly.
You can hop short distances.
You have an extended range of vision and can be seen from far away.


Message History

You block the iguana's attack. The hound barely misses you.
The hound stops to sniff the ground.
The hound bites you.
You feel very mighty all of a sudden. The hound completely misses you.
You completely miss the hound.
The hound is lightly wounded.
The hound misses you.
You closely miss the hound.
The hound is lightly wounded.
The hound bites you. The hound completely misses you.
You hit the hound. You freeze the hound.
The hound is severely wounded.
The hound misses you.
You miss the hound.
The hound is severely wounded.
The hound stops to sniff the ground.
The hound bites you.
* * * LOW HITPOINT WARNING * * *
The hound bites you.
* * * LOW HITPOINT WARNING * * *
You miss the hound.
The hound is severely wounded.
The hound closely misses you.
Unknown command.
You closely miss the hound.
The hound is severely wounded.
The hound bites you.
* * * LOW HITPOINT WARNING * * *
The hound bites you.
* * * LOW HITPOINT WARNING * * *
You puncture the hound! You freeze the hound.
You kill the hound!
You have reached level 7!
You hit the iguana.
The iguana seems to slow down.
You freeze the iguana.
The iguana is lightly wounded.
The iguana bites you.
You die...
Your body glows slightly and disappears.

#.## ######...# ###
#........ ..#
###........ ..#
.........# #.# #.$#
#..# #.# #..# #..#
#.#
####..###..####.###
#.@l...............
#.##..###..####.###
#. #..# #.# #.# #.
#..####.####.# #.
#............# ..
##<####.####.# ##
#.# #...# #.#
#...........#
#####...#####


You could see an iguana (slow).

Vanquished Creatures
  2 orc priests
  2 hounds (D:5)
  2 orc wizards
  Robin (D:3)
  10 adders
  A shadow imp (D:5)
  A white imp (D:5)
  A dart slug (D:2)
  2 ribbon worms
  8 orcs
  8 endoplasms
  4 giant cockroaches
  18 goblins
  9 hobgoblins
  8 jackals
  5 quokkas
  5 ball pythons
  5 bats
  3 frilled lizards
  10 kobolds
  6 rats
111 creatures vanquished.

Vanquished Creatures (collateral kills)
  An iguana (D:4)
  A giant cockroach (D:4)
2 creatures vanquished.

Grand Total: 113 creatures vanquished

Notes
Turn   | Place    | Note
-------+----------+-------------------------------------------
     0 | D:1      | BeKind the Barachi Fighter began the quest for the Orb.
     0 | D:1      | Reached XP level 1. HP: 18/18 MP: 1/1
   166 | D:1      | Reached XP level 2. HP: 13/25 MP: 2/2
   432 | D:1      | Reached XP level 3. HP: 30/30 MP: 3/3
   986 | D:2      | Reached XP level 4. HP: 37/37 MP: 4/4
  1082 | D:2      | Identified the +5 robe "Fouqy" {rN+}
  1303 | D:2      | Found a faded altar of an unknown god.
  1328 | D:2      | Prayed at the altar of an unknown god.
  1328 | D:2      | Became a worshipper of Nemelex Xobeh the Trickster
  1328 | D:2      | Reached * piety under Nemelex Xobeh
  1744 | D:3      | Noticed Robin
  2641 | D:3      | Killed Robin
  2680 | D:3      | Identified the +2 robe of Dosimiraiph {rN+++ Str+3
                  | Archmagi}
  2734 | D:3      | Reached XP level 5. HP: 42/43 MP: 5/5
  2767 | D:3      | You fall into a shaft and drop 3 floors!
  2773 | D:6      | Found a bloodstained altar of Trog.
  2791 | D:5      | Entered Level 5 of the Dungeon
  2796 | D:4      | Received a gift from Nemelex Xobeh
  3133 | D:4      | Found Tagh's Antique Armour Shoppe.
  3339 | D:3      | Reached ** piety under Nemelex Xobeh
  4003 | D:4      | Found a staircase to the Ecumenical Temple.
  4274 | D:4      | Reached skill level 1 in Dodging
  4340 | D:4      | Reached skill level 1 in Spellcasting
  4340 | D:4      | Reached XP level 6. HP: 31/50 MP: 7/7
  4345 | D:4      | Reached skill level 5 in Armour
  4350 | D:4      | Reached skill level 5 in Fighting
  4873 | D:5      | Learned a level 2 spell: Cigotuvi's Dreadful Rot
  5214 | D:5      | Reached XP level 7. HP: 5/56 MP: 9/9
  5214 | D:5      | Slain by an iguana

Illustrated notes

Levels and vault maps discovered:
D:1:      mrwooster_arrival_statue_2, layout_basic
D:2:      layout_basic, ebering_ecumenical_altar_sacrificial, item_on_display_a
D:3:      layout_basic, kennysheep_minor_cross, uniq_robin
D:4:      layout_basic, minmay_temple_entry_nine_rooms, nicolae_stop_n_shop_2
D:5:      layout_loops_ring, moated_statue
D:6:      layout_basic, mainiacjoe_overflow_24_doors, lemuel_crystal_altar,
          gup_ossuary_entry_pyramid, uniq_duvessa

Skill      XL: |  1  2  3  4  5  6 |
---------------+-------------------+-----
Fighting       | 4 5 |  5.3
Armour         | 4 5 |  5.3
Shields        | 4 |  4.6
Polearms       | 3 |  3.6
Dodging        | 1 |  1.8
Spellcasting   | 1 |  1.5
Alchemy        | |  0.4

Action                     |  1- 3 |  4- 6 |  7- 9 || total
---------------------------+-------+-------+-------++-------
  Melee: Trident           |   127 |   269 |       ||   396
         Spear             |       |    19 |     1 ||    20
 Invoke: Draw Destruction  |       |     2 |       ||     2
         Draw Summoning    |       |     1 |       ||     1
    Use: Scroll            |       |     2 |       ||     2
         Potion            |       |     1 |       ||     1
   Stab: Sleeping          |       |     4 |       ||     4
 Armour: Scale mail        |    82 |    92 |       ||   174
         Robe              |       |   108 |     1 ||   109
  Dodge: Dodged            |    54 |   134 |       ||   188
  Block: Buckler           |    33 |    79 |       ||   112

Table legend: (Time is in decaauts)
 A = Elapsed time spent in this place.
 B = Non-inter-level travel time spent in this place.
 C = Inter-level travel time spent in this place.
 D = Time resting spent in this place.
 E = Time spent auto-exploring this place.
 F = Levels seen in this place.
 G = Mean time per level.
                   A        B        C        D        E       F      G
               +--------+--------+--------+--------+--------+-----+--------+
         Total |   5885 |   5653 |    232 |    833 |   3961 |   6 |  980.8 |
       Dungeon |   5885 |   5653 |    232 |    833 |   3961 |   6 |  980.8 |
               +--------+--------+--------+--------+--------+-----+--------+

Top non-repeatable levels by time:
     D:2: 1982 daAuts
     D:4: 1308 daAuts
     D:1: 942 daAuts
     D:3: 916 daAuts
     D:5: 707 daAuts
     D:6: 28 daAuts
